 Dungeon Crawl Stone Soup version 0.31.0-32-g396128a36d (webtiles) character file.

Game seed: 6468773683224404596

5229 Gogs the Cleaver (level 10, 0/91 HPs)
             Began as a Minotaur Berserker on Mar 14, 2024.
             Was an Elder of Trog.
             Killed from afar by an orc warrior (8 damage)
             ... with a puff of flame
             ... on level 7 of the Dungeon on Mar 15, 2024.
             The game lasted 00:31:48 (6384 turns).

Gogs the Cleaver (Minotaur Berserker)               Turns: 6384, Time: 00:31:48

Health: 0/91       AC: 17    Str: 26    XL:     10   Next: 35%
Magic:  9/9        EV:  8    Int:  4    God:    Trog [****..]
Gold:   341        SH:  0    Dex: 10    Spells: 9/9 levels left

rFire   . . .        a - +2 war axe (vamp)
rCold   . . .        (no shield)
rNeg    . . .        s - +0 plate armour
rPois   +            (helmet restricted)
rElec   .            k - +2 cloak
rCorr   .            (no gloves)
SInv    .            (no boots)
Will    .....        x - amulet of regeneration Stlth
                     f - ring of poison resistance
HPRegen 1.15/turn    (no ring)
MPRegen 0.11/turn

%: no passive effects
@: lethally poisoned (0 -> -1), slowed, very slow
A: horns 2, retaliatory headbutt
a: Renounce Religion, Berserk, Trog's Hand, Brothers in Arms


You were on level 7 of the Dungeon.
You worshipped Trog.
Trog was greatly pleased with you.
You visited 2 branches of the dungeon, and saw 8 of its levels.
You also visited: Sewer.

You collected 341 gold pieces.

Inventory:

Hand Weapons
 a - a +2 vampiric war axe (weapon)
 b - a +0 sling
 q - a +0 war axe
 w - a +1 flail of draining
Missiles
 c - 40 stones (quivered)
 g - 3 poisoned darts
 o - 3 curare-tipped darts
 B - 2 throwing nets
Armour
 k - a +2 cloak (worn)
 s - a +0 plate armour (worn)
Jewellery
 f - a ring of poison resistance (left hand)
 x - an amulet of regeneration (around neck)
Wands
 e - a wand of flame (17)
 v - a wand of iceblast (14)
Scrolls
 y - 2 scrolls of enchant armour
 z - a scroll of blinking {unknown}
 A - a scroll of identify
 C - a scroll of summoning {unknown}
Potions
 d - 2 potions of magic
 h - 3 potions of cancellation
 i - a potion of degeneration {unknown}
 j - a potion of berserk rage {unknown}
 l - a potion of haste {unknown}
 m - 2 potions of curing
 n - 6 potions of heal wounds
 p - a potion of enlightenment {unknown}
 r - a potion of invisibility {unknown}
 t - a potion of brilliance {unknown}
 u - a potion of resistance


   Skills:
 - Level 9.6 Fighting
 * Level 13.5 Axes
 + Level 2.5 Ranged Weapons
 - Level 9.1 Armour
 - Level 2.1 Dodging


You had 9 spell levels left.
You didn't know any spells.
Your spell library was empty.

Dungeon Overview and Level Annotations

Branches:
Dungeon (7/15)             Temple (1/1) D:6           Sewer (visited)

Altars:
Ashenzari
Cheibriados
Dithmenos
Elyvilon
Fedhas
Gozag
Hepliaklqana
Makhleb
Nemelex Xobeh
Okawaru
Qazlal
Ru
Trog
Uskayaw
Vehumet
Wu Jian
Xom
Yredelemnul
Zin
The Shining One


Innate Abilities, Weirdness & Mutations

You have a pair of horns on your head.
You reflexively headbutt those who attack you in melee.


Message History

The hornet is almost dead.
You hit the shadow imp.
You hit the orc warrior but do no damage.
You feel yourself speed up.
You feel sick. The hornet stings you!
* * * LOW HITPOINT WARNING * * *
You feel yourself slow down.
The hornet stings you but does no damage.
A gnoll comes into view. It is wielding a +0 flail.
The orc warrior hits you with a +0 dire flail.
* * * LOW HITPOINT WARNING * * *
The shadow imp hits you but does no damage.
A scorpion comes into view.
You barely miss the hornet.
The gnoll shouts!
You headbutt the hornet.
You kill the hornet!
Trog accepts your kill.
You barely miss the orc warrior. You closely miss the shadow imp.
You feel sick.
The orc warrior hits you with a +0 dire flail!
* * * LOW HITPOINT WARNING * * *
The shadow imp barely misses you. You furiously retaliate!
You headbutt the shadow imp!
You kill the shadow imp!
Trog accepts your kill.
You feel sick.
A gnoll comes into view.
It is wielding a +0 flail of protection.
The orc warrior hits you with a +0 dire flail.
* * * LOW HITPOINT WARNING * * *
You see here a hornet corpse.
You hit the scorpion but do no damage. You headbutt the scorpion.
The scorpion is lightly wounded.
You hit the gnoll.
You feel better.
You hit the orc warrior but do no damage.
You feel sick. The gnoll hits you with a +0 war axe.
* * * LOW HITPOINT WARNING * * *
The scorpion closely misses you.
The orc warrior zaps a wand.
The puff of flame hits you!
You die...

..#. .#.# ... . #g.
. #.. .#
###..###.##
.##og.#..#
.##og...# .##@...#
#.#s#### #.#.#
#...# # #.#.### ##
#. #.#...# .####.
.##..##
....##.#####.##..##
.....##.....##...#


You could see an orc warrior, a scorpion, an orc priest and 3 gnolls.

Vanquished Creatures
  The ghost of lonewolfV2 the Trooper, a novice FoFi (D:5)
  A gargoyle (D:7)
  2 hornets (D:7)
  Prince Ribbit (D:6)
  5 yaks (D:5)
  Eustachio (D:6)
  2 steam dragons
  Edmund (D:5)
  A water moccasin (D:6)
  An orc warrior (D:7)
  3 black bears
  2 ice beasts
  6 ogres
  A centaur (D:5)
  2 phantoms
  4 kobold brigands
  4 scorpions
  A wyvern zombie (D:5)
  A howler monkey (D:7)
  2 bombardier beetles
  3 hounds
  An orc priest (D:7)
  A gnoll bouda (D:7)
  5 iguanas
  A bullfrog skeleton (D:5)
  3 sleepcaps (D:6)
  3 orc wizards
  A howler monkey zombie (D:5)
  5 adders
  7 gnolls
  A river rat (Sewer)
  3 shadow imps
  A white imp (D:6)
  2 ufetubi (D:6)
  2 dart slugs
  16 orcs
  8 ball pythons
  3 bats
  6 endoplasms
  5 giant cockroaches
  13 goblins
  7 hobgoblins
  3 jackals (D:3)
  6 quokkas
  4 frilled lizards
  20 kobolds
  5 rats
177 creatures vanquished.

Notes
Turn   | Place    | Note
-------+----------+-------------------------------------------
     0 | D:1      | Gogs the Minotaur Berserker began the quest for the Orb.
     0 | D:1      | Reached XP level 1. HP: 19/19 MP: 0/0
   147 | D:1      | Reached skill level 4 in Axes
   151 | D:1      | Reached XP level 2. HP: 24/25 MP: 1/1
  1082 | D:2      | Reached XP level 3. HP: 33/33 MP: 2/2
  1279 | D:2      | Found an iron altar of Okawaru.
  1548 | D:2      | Reached ** piety under Trog
  1844 | D:3      | Identified a scroll of acquirement
  1902 | D:3      | Acquired a +1 vampiric war axe
  2018 | D:3      | Found a glowing drain.
  2029 | Sewer    | Entered a sewer
  2051 | Sewer    | Reached XP level 4. HP: 40/40 MP: 3/3
  2056 | Sewer    | Reached skill level 5 in Axes
  2278 | Sewer    | Noticed a kobold brigand
  2288 | Sewer    | Killed a kobold brigand
  2289 | Sewer    | Reached XP level 5. HP: 44/47 MP: 4/4
  2334 | Sewer    | Reached skill level 5 in Fighting
  2334 | Sewer    | Reached skill level 6 in Axes
  2987 | D:4      | Reached XP level 6. HP: 47/56 MP: 5/5
  3140 | D:4      | Reached skill level 7 in Axes
  3509 | D:4      | Reached XP level 7. HP: 52/62 MP: 6/6
  3623 | D:4      | Reached skill level 5 in Armour
  4019 | D:5      | Entered Level 5 of the Dungeon
  4026 | D:5      | Reached *** piety under Trog
  4065 | D:5      | Reached skill level 8 in Axes
  4249 | D:5      | Reached XP level 8. HP: 42/71 MP: 7/7
  4344 | D:5      | Reached skill level 9 in Axes
  4351 | D:5      | Noticed Edmund
  4371 | D:5      | Killed Edmund
  4632 | D:5      | Reached skill level 10 in Axes
  4647 | D:5      | Reached XP level 9. HP: 60/81 MP: 4/8
  4722 | D:5      | Found a runed translucent gate.
  4723 | D:5      | Found a runed translucent gate.
  4724 | D:5      | Found a runed translucent gate.
  4760 | D:5      | Found a bloodstained altar of Trog.
  5172 | D:5      | Noticed lonewolfV2's ghost (novice FoFi)
  5186 | D:5      | Reached skill level 11 in Axes
  5186 | D:5      | Killed lonewolfV2's ghost
  5226 | D:6      | Found a staircase to the Ecumenical Temple.
  5242 | Temple   | Entered the Ecumenical Temple
  5257 | D:6      | Noticed Eustachio
  5279 | D:6      | Killed Eustachio
  5515 | D:6      | Reached skill level 12 in Axes
  5518 | D:6      | Identified the +0 cloak of Muasch {Str+4}
  5830 | D:6      | Found a sparkling altar of Nemelex Xobeh.
  5914 | D:6      | Noticed Prince Ribbit
  5921 | D:6      | Killed Prince Ribbit
  5932 | D:6      | Reached **** piety under Trog
  6011 | D:7      | Found a glowing golden altar of the Shining One.
  6011 | D:7      | Found a burning altar of Makhleb.
  6018 | D:7      | Found a broken altar of Ashenzari.
  6020 | D:7      | Found an ornate altar of the Wu Jian Council.
  6037 | D:7      | Reached XP level 10. HP: 91/91 MP: 9/9
  6052 | D:7      | Found an iron altar of Okawaru.
  6113 | D:7      | Paralysed by a hornet for 1 turns
  6119 | D:7      | Noticed a gargoyle
  6136 | D:7      | Killed a gargoyle
  6185 | D:7      | Reached skill level 13 in Axes
  6194 | D:7      | Reached skill level 1 in Ranged Weapons
  6270 | D:7      | Found an opulent altar of Gozag.
  6384 | D:7      | Killed from afar by an orc warrior

Illustrated notes

Levels and vault maps discovered:
D:1:      beargit_arrival_greenhouse, layout_basic, minmay_shallow_snake_nest
D:2:      wander_river, layout_basic, basic_altar
D:3:      layout_basic, portal_sewer_entry_a, nicolae_elevator_lobby_plus
D:4:      minmay_evil_eye, layout_rooms, hangedman_abyss_or_decor_passed,
          columned_hall_lemuel, hangedman_decor_opposing,
          kennysheep_cross_bottleneck
D:5:      minmay_skewed_foursquare, layout_loops_ring,
          mainiacjoe_overflow_paths, gammafunk_ghost_necromancy, uniq_edmund
D:6:      layout_gridville, marbit_many_paths, minmay_temple_entry_sparse_star,
          chequers_serial_rivers_small_3, uniq_eustachio, uniq_prince_ribbit1
D:7:      minmay_the_grid_octo_tiled_octocenter [minmay_the_grid_octo_chip,
          minmay_the_grid_octo_tetromino_candy,
          minmay_the_grid_octo_checkerflower, minmay_the_grid_octo_concentric,
          minmay_the_grid_octo_prize_square_snowflake,
          minmay_the_grid_square_5x5_three_walls,
          minmay_the_grid_square_5x5_two_small,
          minmay_the_grid_square_5x5_tetrominoes,
          minmay_the_grid_square_5x5_empty], layout_cave_pools,
          kennysheep_okawaru_gauntlet, grunt_gozag_breadcrumbs,
          nicolae_overflow_macrodata_refinement
Temple:   nicolae_temple_bog_church

Skill      XL: |  1  2  3  4  5  6  7  8  9 10 |
---------------+-------------------------------+-----
Axes           | 4 5 6 7 8 10 12 13 | 13.5
Fighting       | 4 5 6 8 9 |  9.6
Armour         | 3 4 5 7 8 9 |  9.1
Ranged Weapons | 2 |  2.5
Dodging        | |  2.1

Action                     |  1- 3 |  4- 6 |  7- 9 | 10-12 || total
---------------------------+-------+-------+-------+-------++-------
  Melee: Dagger            |    83 |       |       |       ||    83
         Hand axe          |     5 |       |       |       ||     5
         Headbutt          |     5 |    15 |    34 |    22 ||    76
         Punch             |     1 |     1 |     4 |     1 ||     7
         War axe           |    16 |   110 |   195 |    71 ||   392
   Fire: Sling             |       |       |     1 |     2 ||     3
  Throw: Stone             |       |       |       |     9 ||     9
 Invoke: Berserk           |       |     1 |     2 |       ||     3
         Trog's Hand       |       |       |     1 |       ||     1
    Use: Scroll            |     6 |     1 |    11 |       ||    18
 Armour: Leather armour    |    22 |       |       |       ||    22
         Animal skin       |     3 |       |       |       ||     3
         Ring mail         |    28 |    65 |    80 |       ||   173
         Plate armour      |       |       |    43 |    87 ||   130
         Chain mail        |       |       |    19 |       ||    19
  Dodge: Dodged            |    66 |    65 |    97 |    42 ||   270
